 Dungeon Crawl Stone Soup version 0.29-a0-392-g297d3b089c (webtiles) character file.

Game seed: 15582132043611345004

46 MurderMime the Skirmisher (level 3, -2/30 HPs)
             Began as a Demonspawn Monk on May 8, 2022.
             Was a Priest of Cheibriados.
             Slain by Terence
             ... wielding a +0 flail
              (10 damage)
             ... on level 2 of the Dungeon.
             The game lasted 00:02:22 (1192 turns).

MurderMime the Skirmisher (Demonspawn Monk)         Turns: 1192, Time: 00:02:23

Health: -2/30      AC:  1    Str: 18    XL:     3   Next: 44%
Magic:  5/5        EV: 13    Int: 22    God:    Cheibriados [***...]
Gold:   45         SH:  0    Dex: 22    Spells: 5/5 levels left

rFire   . . .      SeeInvis .   a - +0 spear
rCold   . . .      Faith    .   (no shield)
rNeg    . . .      Spirit   .   h - +0 leather armour
rPois   .          Reflect  .   (no helmet)
rElec   .          Harm     .   (no cloak)
rCorr   .          Rampage  .   (no gloves)
Will    .....                   (no boots)
Stlth   ++........              (no amulet)
HPRegen 0.10/turn               k - ring of flight
MPRegen 0.09/turn               (no ring)

@: brilliant, about to teleport, flying, very slow
A: powered by death 1, claws 1, clever 1, deformed body
a: Renounce Religion, Bend Time, Temporal Distortion


You were on level 2 of the Dungeon.
You worshipped Cheibriados.
Cheibriados was most pleased with you.
You visited 1 branch of the dungeon, and saw 2 of its levels.

You collected 45 gold pieces.

Inventory:

Hand Weapons
 a - a +0 spear (weapon)
Armour
 b - a +0 robe
 h - a +0 leather armour (worn)
   (You found it on level 1 of the Dungeon)
Jewellery
 k - a ring of flight (left claw)
   (You found it on level 2 of the Dungeon)
Scrolls
 d - a scroll of blinking {unknown}
 e - a scroll of teleportation {@r4}
 f - a scroll of magic mapping {unknown}
 i - a scroll of summoning {unknown}
 m - a scroll of silence {unknown}
Potions
 c - a potion of ambrosia
 g - a potion of curing {@q1}
 l - a potion of brilliance


   Skills:
 - Level 4.0 Fighting
 - Level 2.6 Polearms
 - Level 2.6 Dodging
 - Level 1.7 Stealth
 + Level 1.6 Spellcasting


You had 5 spell levels left.
You didn't know any spells.
Your spell library contained the following spells:

 Spells                   Type           Power      Damage    Failure   Level
 Call Canine Familiar     Summ           2%         N/A       45%         3
 Portal Projectile        Hex/Tloc       4%         N/A       45%         3
 Leda's Liquefaction      Hex/Erth       1%         N/A       86%         4


Dungeon Overview and Level Annotations

Branches:
Dungeon (2/15)

Altars:
Cheibriados

Annotations:
D:2 Terence


Innate Abilities, Weirdness & Mutations

You regenerate a little health from kills.
You have sharp fingernails.
Your mind is acute. (Int +2)
Armour fits poorly on your strangely shaped body.


Message History

Reach: a) +0 spear
Aim: an adder (almost dead, about 46% to evade your +0 spear)
You puncture the adder!
You kill the adder!
Cheibriados thoroughly appreciates the change of pace.
You feel sick.
Reach: a) +0 spear
Aim: Terence, wielding a +0 flail and wearing a +0 scale mail (about 29% to evade your +0 spear)
Okay, then.
Reach: a) +0 spear
Aim: Terence, wielding a +0 flail and wearing a +0 scale mail (about 29% to evade your +0 spear)
You hit Terence but do no damage.
You feel sick. Terence misses you.
Reach: a) +0 spear
Aim: Terence, wielding a +0 flail and wearing a +0 scale mail (about 29% to evade your +0 spear)
You hit Terence but do no damage. Terence closely misses you.
Reach: a) +0 spear
Aim: Terence, wielding a +0 flail and wearing a +0 scale mail (about 29% to evade your +0 spear)
You hit Terence but do no damage.
You feel sick. Terence hits you with a +0 flail!
Unknown command.
Reach: a) +0 spear
Aim: Terence, wielding a +0 flail and wearing a +0 scale mail (about 29% to evade your +0 spear)
You hit Terence.
You feel sick. Terence hits you with a +0 flail.
* * * LOW HITPOINT WARNING * * *
It was a potion of mutation.
You feel extremely strange.
Your body twists and deforms.
Your fingernails lengthen.
You feel clever. Terence misses you.
Unknown command.
You are confused.
You feel invigorated.
You feel sick. Terence misses you.
You closely miss Terence.
You feel sick. Terence closely misses you.
You bump into the rock wall.
Terence hits you with a +0 flail.
You hit Terence.
You feel sick.
You are no longer poisoned.
Terence closely misses you.
You bump into the rock wall.
Terence hits you with a +0 flail!
You bump into the rock wall.
Terence hits you with a +0 flail.
You hit Terence but do no damage.
You feel less invigorated.
You feel less confused. Terence hits you with a +0 flail!
* * * LOW HITPOINT WARNING * * *
As you read the scroll labelled UBIAMI FOONN, it crumbles to dust.
You feel strangely unstable.
It was a scroll of teleportation.
Terence closely misses you.
Unknown command.
Terence attacks as you move away! Terence closely misses you.
Terence hits you with a +0 flail.
* * * LOW HITPOINT WARNING * * *
You hit Terence but do no damage. Terence hits you with a +0 flail!
You die...

#.# ###.#
#.....#.# #..
###
#.#+#+#'#####
#####
#...........#
..
#...........#
##..
#...........#
##..
#...........#
....
#.......#####
....
#.####### ..#
#@# ..# #@#
..# #w# ..#
#...........#
..#
#...........#
..#
............#
###
............#
#
............#
............#


You could see Terence and a dart slug.

Vanquished Creatures
  2 adders (D:2)
  A bat (D:2)
  5 endoplasms
  2 giant cockroaches (D:1)
  2 goblins
  2 hobgoblins
  A kobold (D:2)
  A quokka (D:1)
  3 ball pythons
  2 frilled lizards (D:1)
  5 rats (D:1)
26 creatures vanquished.

Notes
Turn   | Place    | Note
-------+----------+-------------------------------------------
     0 | D:1      | MurderMime the Demonspawn Monk began the quest for the Orb.
     0 | D:1      | Reached XP level 1. HP: 18/18 MP: 1/1
   400 | D:1      | Gained mutation: You regenerate a little health from kills.
                  | [demonic ancestry]
   400 | D:1      | Reached XP level 2. HP: 24/24 MP: 2/2
   446 | D:1      | Found a faded altar of an unknown god.
   450 | D:1      | Prayed at the altar of an unknown god.
   450 | D:1      | Became a worshipper of Cheibriados the Contemplative
   450 | D:1      | Reached * piety under Cheibriados
   450 | D:1      | Reached ** piety under Cheibriados
   668 | D:1      | Reached *** piety under Cheibriados
  1155 | D:2      | Noticed Terence
  1170 | D:2      | Reached skill level 4 in Fighting
  1170 | D:2      | Reached skill level 1 in Spellcasting
  1170 | D:2      | Reached XP level 3. HP: 24/30 MP: 4/4
  1182 | D:2      | Gained mutation: Armour fits poorly on your strangely
                  | shaped body. [potion of mutation]
  1182 | D:2      | Gained mutation: You have sharp fingernails. [potion of
                  | mutation]
  1182 | D:2      | Gained mutation: Your mind is acute. (Int +2) [potion of
                  | mutation]
  1192 | D:2      | Slain by Terence

Illustrated notes

Levels and vault maps discovered:
D:1:      minmay_arrival_solitary_statue, layout_basic,
          hellmonk_ecumenical_altar_heavens_door, minmay_misc_feat_ornament
D:2:      layout_basic, basic_altar, uniq_terence

Skill      XL: |  1  2 |
---------------+-------+-----
Fighting       | 4 |  4.0
Spellcasting   | 1 |  1.6
Polearms       | |  2.6
Dodging        | |  2.6
Stealth        | |  1.7

Action                   || total
-------------------------++-------
Melee: Spear             ||    97
       Punch             ||     2
  Use: Potion            ||     4
       Scroll            ||     1
 Stab: Sleeping          ||     6
Armor: Robe              ||     1
       Leather armour    ||    13
Dodge: Dodged            ||    57

Table legend: (Time is in decaauts)
 A = Elapsed time spent in this place.
 B = Non-inter-level travel time spent in this place.
 C = Inter-level travel time spent in this place.
 D = Time resting spent in this place.
 E = Time spent auto-exploring this place.
 F = Levels seen in this place.
 G = Mean time per level.
                   A        B        C        D        E       F      G
               +--------+--------+--------+--------+--------+-----+--------+
         Total |   1489 |   1429 |     60 |      0 |   1158 |   2 |  744.5 |
       Dungeon |   1489 |   1429 |     60 |      0 |   1158 |   2 |  744.5 |
               +--------+--------+--------+--------+--------+-----+--------+

Top non-repeatable levels by time:
     D:1: 1028 daAuts
     D:2: 460 daAuts
